 Dungeon Crawl Stone Soup version 0.28-a0-793-g31680bbd8b (webtiles) character file.

Game seed: 12472798617984947332

35 siradein the Skirmisher (level 3, -2/43 HPs)
             Began as a Demonspawn Berserker on Nov 4, 2021.
             Was a Follower of Trog.
             Slain by an orc (3 damage)
             ... on level 3 of the Dungeon.
             The game lasted 00:05:07 (1532 turns).

siradein the Skirmisher (Demonspawn Berserker)      Turns: 1532, Time: 00:05:09

Health: -2/43      AC:  5    Str: 18    XL:     3   Next: 16%
Magic:  3/3        EV: 12    Int:  8    God:    Trog [*.....]
Gold:   20         SH:  0    Dex: 12    Spells: 2/2 levels left

rFire   . . .      SeeInvis .   a - +0 mace
rCold   + . .      Faith    .   (no shield)
rNeg    . . .      Spirit   .   i - +0 leather armour
rPois   .          Reflect  .   (no helmet)
rElec   .          Harm     .   (no cloak)
rCorr   .          Rampage  .   (no gloves)
Will    .....                   (no boots)
Stlth   ..........              (no amulet)
HPRegen 0.14/turn               c - ring of protection from cold
MPRegen 0.08/turn               (no ring)

@: berserking (expiring), very quick
A: yellow scales 1, demonic guardian 1
a: Renounce Religion, Berserk


You were on level 3 of the Dungeon.
You worshipped Trog.
Trog was aware of your devotion.
You visited 1 branch of the dungeon, and saw 3 of its levels.

You collected 20 gold pieces.

Inventory:

Hand Weapons
 a - a +0 mace (weapon)
Missiles
 d - 11 poisoned darts (quivered)
 e - 4 javelins
 g - 6 silver javelins
Armour
 i - a +0 leather armour (worn)
Jewellery
 c - a ring of protection from cold (left hand)
Scrolls
 b - a scroll of holy word {unknown}
 f - a scroll of identify {unknown}
 h - a scroll of amnesia {unknown}
Potions
 j - a potion of mutation {unknown}


   Skills:
 + Level 3.3 Fighting
 + Level 3.0 Maces & Flails
 + Level 2.2 Armour
 + Level 2.2 Dodging


You had 2 spell levels left.
You didn't know any spells.
Your spell library was empty.

Dungeon Overview and Level Annotations

Branches:
Dungeon (3/15)

Altars:


Innate Abilities, Weirdness & Mutations

You are partially covered in yellow scales. (AC +2)
A weak demonic guardian rushes to your aid.


Message History

The jackal closely misses you. The jackal bites you.
The orc barely misses you. x2
The jackal closely misses you. The jackal barely misses you.
You sock the orc!
You kill the orc!
Trog accepts your kill. Something hits you. The jackal bites you.
The orc closely misses you.
The jackal bites you but does no damage.
You sock the orc!
You kill the orc!
Trog accepts your kill. The jackal barely misses you.
Something hits you but does no damage. The jackal barely misses you.
The orc misses you.
You closely miss something.
The jackal bites you but does no damage.
The jackal bites you. Something hits you but does no damage.
Something hits you.
The orc hits you with a +0 vorpal flail.
You hit something. The jackal closely misses you.
The jackal bites you but does no damage.
Something hits you. x2; The jackal barely misses you.
You sock something! The jackal closely misses you.
The orc hits you with a +0 vorpal flail!
A demonic guardian appears!
The jackal bites you but does no damage.
Something hits you but does no damage.
You hit something but do no damage. The jackal bites you. Something hits you.
* * * LOW HITPOINT WARNING * * *
The orc hits you but does no damage. The jackal bites you.
* * * LOW HITPOINT WARNING * * *
Your quasit bites the orc but does no damage.
Your quasit claws the orc but does no damage.
Your quasit closely misses the orc.
You closely miss something. The jackal barely misses you.
Something completely misses you.
The jackal bites you but does no damage.
Something hits you.
* * * LOW HITPOINT WARNING * * *
The orc hits you with a +0 vorpal flail!
* * * LOW HITPOINT WARNING * * *
You die...

. .. ... ...
. ..#
....#####..#
......h@{5.#
......h{o#.#
.....#####
####


You could see an orc (ally target), 2 jackals and a friendly quasit (summoned).

Vanquished Creatures
  A dart slug (D:1)
  2 orcs (D:3)
  3 goblins (D:1)
  3 hobgoblins (D:1)
  6 quokkas (D:1)
  2 ball pythons (D:1)
  5 bats (D:1)
  2 frilled lizards
  3 kobolds (D:1)
27 creatures vanquished.

Notes
Turn   | Place    | Note
-------+----------+-------------------------------------------
     0 | D:1      | siradein the Demonspawn Berserker began the quest for the
                  | Orb.
     0 | D:1      | Reached XP level 1. HP: 18/18 MP: 1/1
   361 | D:1      | Gained mutation: You are partially covered in yellow
                  | scales. (AC +2) [demonic ancestry]
   361 | D:1      | Reached XP level 2. HP: 17/24 MP: 2/2
  1030 | D:1      | Found a faded altar of an unknown god.
  1147 | D:1      | Gained mutation: A weak demonic guardian rushes to your
                  | aid. [demonic ancestry]
  1147 | D:1      | Reached XP level 3. HP: 28/29 MP: 3/3
  1532 | D:3      | HP: 1/43 [orc (8)]
  1532 | D:3      | Slain by an orc

Illustrated notes

Levels and vault maps discovered:
D:1:      minmay_arrival_cross, layout_loops_corners,
          shapermc_ecumenical_altar_starsandcircs,
          chequers_serial_rivers_small_b
D:2:      layout_basic
D:3:      layout_rooms, zin_scriptorium, tgw_kikubaaqudgha, serial_shops, shop,
          hex_medium

Skill      XL: |  1  2 |
---------------+-------+-----
Armour         | 2 |  2.2
Dodging        | 2 |  2.2
Maces & Flails | 3 |  3.0
Fighting       | |  3.3

Action                   || total
-------------------------++-------
Melee: Mace              ||   102
Invok: Berserk           ||     2
Armor: Animal skin       ||    29
       Leather armour    ||    17
Dodge: Dodged            ||    88

Table legend: (Time is in decaauts)
 A = Elapsed time spent in this place.
 B = Non-inter-level travel time spent in this place.
 C = Inter-level travel time spent in this place.
 D = Time resting spent in this place.
 E = Time spent auto-exploring this place.
 F = Levels seen in this place.
 G = Mean time per level.
                   A        B        C        D        E       F      G
               +--------+--------+--------+--------+--------+-----+--------+
         Total |   1565 |   1497 |     68 |      0 |   1243 |   3 |  521.7 |
       Dungeon |   1565 |   1497 |     68 |      0 |   1243 |   3 |  521.7 |
               +--------+--------+--------+--------+--------+-----+--------+

Top non-repeatable levels by time:
     D:1: 1412 daAuts
     D:2: 141 daAuts
     D:3: 12 daAuts
